 Dungeon Crawl Stone Soup version 0.25.1-2-g60ff931df9 (webtiles) character file.

Game seed: 2371562796310498192

7000 GameOver the Covert (level 11, -4/93 HPs)
             Began as a Naga Wizard on Aug 25, 2020.
             Was a Priest of Sif Muna.
             Slain by a slime creature (13 damage)
             ... on level 9 of the Dungeon on Aug 26, 2020.
             The game lasted 00:58:09 (6831 turns).

GameOver the Covert (Naga Wizard)                   Turns: 6831, Time: 00:58:10

Health: -4/93      AC: 13    Str:  9    XL:     11   Next: 8%
Magic:  13/31      EV: 10    Int: 22    God:    Sif Muna [***...]
Gold:   223        SH:  0    Dex: 10    Spells: 5/25 levels left

rFire    . . .     SeeInvis +   W - +5 scimitar (freeze)
rCold    . . .     Gourm    .   (no shield)
rNeg     . . .     Faith    .   h - +0 robe
rPois    +         Spirit   .   i - +0 helmet
rElec    .         Reflect  .   Q - +0 cloak
rCorr    .         Harm     .   J - +0 pair of gloves
MR       ++...                  (no barding)
Stlth    ++++......             K - amulet of magic regeneration
HPRegen  0.25/turn              L - ring of protection from magic
MPRegen  0.47/turn              f - ring of magical power

@: icy armour, very slow
A: large, see invisible, deformed body, poison resistance, slowness 2, slow
metabolism 1, spit poison 1, AC +3
a: Spit Poison, Channel Magic, Forget Spell, Renounce Religion


You were on level 9 of the Dungeon.
You worshipped Sif Muna.
Sif Muna was most pleased with you.
You were not hungry.

You visited 1 branch of the dungeon, and saw 9 of its levels.

You collected 356 gold pieces.
You spent 133 gold pieces at shops.

Inventory:

Hand Weapons
 a - a +1 dagger of speed
 e - a +0 short sword of freezing
 s - a +0 spear
 w - a +1 dagger of draining
 y - a +2 morningstar of protection
 U - a +2 scimitar of protection
 W - a +5 scimitar of freezing (weapon)
Armour
 h - a +0 robe (worn)
 i - a +0 helmet (worn)
 u - a +0 cloak
 v - a +0 buckler
 J - a +0 pair of gloves (worn)
 Q - a +0 cloak (worn)
Magical Staves
 H - an uncursed staff of death
Jewellery
 c - an uncursed ring of protection from cold
 f - a ring of magical power (right hand)
 p - an uncursed amulet of reflection
 K - an amulet of magic regeneration (around neck)
 L - a ring of protection from magic (left hand)
 V - an uncursed amulet of regeneration
Wands
 b - a wand of paralysis (9)
 q - a wand of disintegration (13)
 x - a wand of iceblast (5)
 F - a wand of clouds (6)
 I - a wand of digging (4)
Scrolls
 g - 4 scrolls of teleportation
 k - 6 scrolls of remove curse {unknown}
 l - 2 scrolls of blinking
 m - 2 scrolls of fog
 o - 3 scrolls of immolation
 z - 3 scrolls of magic mapping
 C - a scroll of amnesia {unknown}
 D - a scroll of torment
 O - a scroll of enchant weapon
 R - a scroll of fear
Potions
 j - a potion of stabbing {unknown}
 n - 2 potions of brilliance
 r - a potion of haste
 t - 2 potions of lignification {unknown}
 A - 3 potions of heal wounds
 B - 3 potions of flight {unknown}
 E - a potion of berserk rage
 G - 2 potions of curing
 M - a potion of ambrosia {unknown}
 N - 2 potions of degeneration {unknown}
 P - a potion of might
 S - 2 potions of cancellation {unknown}
 T - a potion of magic {unknown}
Comestibles
 d - 17 rations
 X - 3 chunks of flesh


   Skills:
 + Level 4.3 Fighting
 - Level 1.5 Dodging
 * Level 10.4 Stealth
 + Level 7.7 Spellcasting
 - Level 6.0 Conjurations
 * Level 1.5 Charms
   Level 1.0 Summonings
 - Level 3.0 Translocations
 - Level 7.3 Fire Magic
 * Level 1.5 Ice Magic
 - Level 9.0 Poison Magic


You had 5 spell levels left.
You knew the following spells:

 Your Spells              Type           Power        Failure   Level  Hunger
a - Magic Dart            Conj           ####         1%          1    None
b - Blink                 Tloc           N/A          3%          2    None
c - Frozen Ramparts       Ice            ###...       12%         3    None
d - Mephitic Cloud        Conj/Pois/Air  ####....     3%          3    None
f - Conjure Flame         Conj/Fire      #####...     1%          3    None
s - Hailstorm             Conj/Ice       ####....     16%         4    ###....
z - Ozocubu's Armour      Chrm/Ice       ###.....     12%         3    None
A - Apportation           Tloc           ###...       2%          1    None

Your spell library contained the following spells:

 Spells                   Type           Power        Failure   Level  Hunger
 Freeze                   Ice            ###.         4%          1    None
 Summon Butterflies       Summ           ##......     4%          1    None
 Lesser Beckoning         Tloc           ###.......   7%          3    None
 Animate Skeleton         Necr           N/A          8%          1    None
 Pain                     Necr           #...         8%          1    None
 Call Imp                 Summ           ##......     8%          2    None
 Slow                     Hex            #.......     12%         2    None
 Tukima's Dance           Hex            #.......     22%         3    None
 Vampiric Draining        Necr           #.........   22%         3    None
 Alistair's Intoxication  Tmut/Pois      ####....     32%         5    #####..
 Summon Ice Beast         Ice/Summ       ##......     41%         4    ###....
 Animate Dead             Necr           N/A          58%         4    ###....
 Agony                    Necr           #.......     91%         5    #####..
 Invisibility             Hex            #.......     100%        6    ######.


Dungeon Overview and Level Annotations

Branches:
Dungeon (9/15)             Temple (0/1) D:6
   Lair: D:8-11         Orc: D:9-12

Altars:
Sif Muna

Shops:
D:9 *

Annotations:
D:9 3 runed translucent doors, Araneus's ghost, novice VSWr


Innate Abilities, Weirdness & Mutations

You cannot wear boots.
Your serpentine skin is tough. (AC +3)
You have supernaturally acute eyesight. (SInv)
Armour fits poorly on your strangely shaped body.
Your system is resistant to poisons. (rPois)
You cover ground very slowly.
You have a slow metabolism.
You can spit poison.


Message History

The slime creature is heavily wounded.
The orc wizard hits the slime creature with a cursed +0 dagger.
The slime creature is engulfed in blazing flames.
The slime creature barely misses you. The slime creature hits you!!
* * * LOW HITPOINT WARNING * * *
Unknown command.
You slash the slime creature! You freeze the slime creature.
The slime creature is severely wounded.
The slime creature is engulfed in blazing flames.
You kill the slime creature!
Sif Muna accepts your kill.
The slime creature hits you but does no damage.
The orc wizard hits the orc wizard but does no damage.
You hit the slime creature. You freeze the slime creature.
The slime creature is severely wounded.
The slime creature hits you.
* * * LOW HITPOINT WARNING * * *
The orc wizard barely misses the orc wizard.
The slime creature hits you!
You die...

#....# #.# #...†# #.#
#####....# #.#
yy....>..# #.#
####....# #.# #....#
#.# #.†.†# #.# ###†###
#.# #@J†# #.# ##§#####
#<# #oo)...# ####'###
#.o....# #.......
#.!....# ###>......
.#......###.'.......
.oo.......#...#.......
#.o#......'.###.......
#.J#......### #.......


You could see a slime creature, 2 orc wizards and an orc.

Vanquished Creatures
  Gastronok (D:8)
  2 centaur skeletons
  3 slime creatures (D:9)
  Prince Ribbit (D:7)
  A hippogriff (D:7)
  Sigmund (D:2)
  3 hungry ghosts
  Duvessa (D:5)
  4 ice beasts
  2 sky beasts
  2 orc warriors
  A phantom (D:6)
  A necrophage (D:8)
  2 centaurs
  5 ogres
  2 big kobolds
  3 bullfrogs
  Dowan (D:5)
  4 scorpions
  2 killer bees (D:9)
  4 wights (D:8)
  2 howler monkeys
  A centaur zombie (D:7)
  A crimson imp (D:5)
  An orc priest (D:9)
  4 hounds
  4 jellies
  3 orc wizards
  3 bullfrog skeletons
  Ijyb (D:5)
  3 iguanas
  10 worker ants
  A hound zombie (D:5)
  Robin (D:2)
  13 adders
  6 oozes
  2 adder skeletons
  2 adder zombies
  2 worms
  3 dart slugs
  6 leopard geckos
  21 orcs
  5 bats
  12 giant cockroaches
  9 hobgoblins
  7 jackals
  10 kobolds
  4 quokkas
  3 ball pythons
  8 frilled lizards
  21 goblins
  A leopard gecko skeleton (D:4)
  A quokka skeleton (D:4)
  7 rats
224 creatures vanquished.

Vanquished Creatures (collateral kills)
  A killer bee (D:9)
1 creature vanquished.

Vanquished Creatures (others)
  2 killer bees (D:9)
2 creatures vanquished.

Grand Total: 227 creatures vanquished

Notes
Turn   | Place    | Note
-------+----------+-------------------------------------------
     0 | D:1      | GameOver the Naga Wizard began the quest for the Orb.
     0 | D:1      | Reached XP level 1. HP: 15/15 MP: 4/4
    73 | D:1      | Reached XP level 2. HP: 22/22 MP: 3/6
   536 | D:2      | Reached XP level 3. HP: 28/28 MP: 4/7
   540 | D:2      | Learned a level 2 spell: Blink
   544 | D:2      | Learned a level 3 spell: Mephitic Cloud
   687 | D:2      | Noticed Sigmund
   714 | D:2      | HP: 1/28 [poisoned by an adder]
   931 | D:2      | Noticed Robin
   961 | D:2      | Killed Robin
   961 | D:2      | Reached skill level 1 in Poison Magic
   961 | D:2      | Reached XP level 4. HP: 27/36 MP: 8/8
  1382 | D:2      | Killed Sigmund
  1382 | D:2      | Reached XP level 5. HP: 36/42 MP: 0/9
  1382 | D:2      | Reached XP level 6. HP: 42/49 MP: 0/10
  2043 | D:3      | You fall into a shaft and drop 1 floor!
  2069 | D:3      | Noticed a sky beast
  2080 | D:3      | Killed a sky beast
  2080 | D:3      | Reached skill level 5 in Conjurations
  2080 | D:3      | Reached skill level 5 in Poison Magic
  2451 | D:3      | Found a shimmering blue altar of Sif Muna.
  2456 | D:3      | Learned a level 3 spell: Conjure Flame
  2461 | D:3      | Became a worshipper of Sif Muna the Loreminder
  2559 | D:4      | Reached XP level 7. HP: 55/55 MP: 11/11
  3358 | D:5      | Entered Level 5 of the Dungeon
  3510 | D:5      | Reached skill level 1 in Fire Magic
  3510 | D:5      | Noticed Ijyb
  3517 | D:5      | Killed Ijyb
  3517 | D:5      | Reached * piety under Sif Muna
  3572 | D:5      | Reached XP level 8. HP: 62/62 MP: 11/13
  3609 | D:5      | Noticed Dowan
  3620 | D:5      | Killed Dowan
  3622 | D:5      | Noticed Duvessa
  3648 | D:5      | Killed Duvessa
  4316 | D:6      | Reached skill level 5 in Spellcasting
  4324 | D:6      | Reached XP level 9. HP: 63/68 MP: 16/16
  4481 | D:6      | Found a staircase to the Ecumenical Temple.
  4612 | D:6      | Reached skill level 5 in Fire Magic
  4968 | D:7      | Reached ** piety under Sif Muna
  5286 | D:7      | Noticed Prince Ribbit
  5300 | D:7      | Reached skill level 4 in Stealth
  5303 | D:7      | Killed Prince Ribbit
  5303 | D:7      | Reached skill level 1 in Fighting
  5641 | D:7      | Reached skill level 5 in Stealth
  5706 | D:7      | Reached XP level 10. HP: 61/80 MP: 20/20
  5875 | D:8      | Reached skill level 6 in Stealth
  6062 | D:8      | Reached skill level 7 in Stealth
  6466 | D:8      | Noticed Gastronok
  6506 | D:8      | Killed Gastronok
  6506 | D:8      | Reached *** piety under Sif Muna
  6506 | D:8      | Reached skill level 9 in Stealth
  6599 | D:9      | Learned a level 3 spell: Frozen Ramparts
  6604 | D:9      | Learned a level 4 spell: Hailstorm
  6606 | D:9      | Learned a level 1 spell: Apportation
  6610 | D:9      | Learned a level 3 spell: Ozocubu's Armour
  6663 | D:9      | Found Xogynin's General Store.
  6671 | D:9      | Bought a scroll of blinking for 105 gold pieces
  6671 | D:9      | Bought a scroll of identify for 28 gold pieces
  6705 | D:9      | Found a runed translucent gate.
  6706 | D:9      | Found a runed translucent gate.
  6706 | D:9      | Noticed Araneus's ghost (novice VSWr)
  6707 | D:9      | Found a runed translucent gate.
  6711 | D:9      | Noticed a kobold demonologist
  6713 | D:9      | Noticed a kobold demonologist
  6713 | D:9      | Noticed a kobold demonologist
  6778 | D:9      | Reached skill level 10 in Stealth
  6810 | D:9      | Reached XP level 11. HP: 33/92 MP: 17/22
  6812 | D:9      | Reached skill level 1 in Charms
  6821 | D:9      | Reached skill level 1 in Ice Magic
  6831 | D:9      | Slain by a slime creature

Illustrated notes

Levels and vault maps discovered:
D:1:      tarquinn_simple_flora_water_a, layout_rooms, minmay_misc_feat_iff,
          minmay_pentomino_u4
D:2:      layout_basic, uniq_robin, uniq_sigmund
D:3:      layout_rooms, led_sif_pool
D:4:      minmay_recursive_quarters, layout_basic, first_ration
D:5:      minmay_general_purpose_star, layout_loops_ring,
          kennysheep_generic_room_14, uniq_ijyb, uniq_duvessa
D:6:      layout_cave_pools, minmay_temple_entry_from_below_a,
          kennysheep_generic_room_16
D:7:      minmay_spotlight, layout_loops_cross, st_stairs_3, minivault_27,
          uniq_prince_ribbit1
D:8:      layout_basic, hangedman_little_slice_of_home, uniq_gastronok
D:9:      layout_roguey, erik_orc_1, gammafunk_ghost_nasty_kobolds,
          serial_shops, nicolae_shop_trees, minmay_evil_grid, uniq_grum

Skill      XL: |  1  2  3  4  5  6  7  8  9 10 11 |
---------------+----------------------------------+-----
Conjurations   | 2 3 4 5 6 |  6.0
Poison Magic   | 1 4 5 6 8 9 |  9.0
Fire Magic     | 1 4 6 7 |  7.3
Spellcasting   | 5 6 7 |  7.7
Stealth        | 5 10 | 10.4
Fighting       | 1 4 |  4.3
Translocations | 3 |  3.0
Charms         | 1 |  1.5
Ice Magic      | 1 |  1.5
Dodging        | |  1.5
Summonings     | |  1.0

Action                   |  1- 3 |  4- 6 |  7- 9 | 10-12 || total
-------------------------+-------+-------+-------+-------++-------
Melee: Dagger            |    40 |    12 |    95 |    36 ||   183
       Morningstar       |       |       |    11 |     4 ||    15
       Spear             |       |       |       |     2 ||     2
       Scimitar          |       |       |       |    10 ||    10
 Cast: Magic Dart        |    32 |    57 |   157 |   111 ||   357
       Mephitic Cloud    |     3 |     6 |    21 |    23 ||    53
       Blink             |       |     3 |     9 |    36 ||    48
       Conjure Flame     |       |       |    11 |    20 ||    31
       Ozocubu's Armour  |       |       |       |     3 ||     3
 Abil: Spit Poison       |    37 |    34 |    70 |    30 ||   171
  Use: Scroll            |     3 |     2 |     5 |     2 ||    12
       Potion            |     2 |       |       |     2 ||     4
 Stab: Confused          |     1 |       |    10 |     3 ||    14
       Sleeping          |       |       |     2 |     1 ||     3
  Eat: Chunk             |     2 |     7 |    14 |     9 ||    32
Armor: Robe              |     4 |     7 |    27 |    20 ||    58
Dodge: Dodged            |    23 |    20 |    50 |    53 ||   146
Block: Other             |       |     2 |    17 |       ||    19
       Reflection        |       |       |     3 |       ||     3
       Rpst.: Scimitar   |       |       |       |     1 ||     1
